 Dungeon Crawl Stone Soup version 0.28-a0-925-gd5e1996cdb (webtiles) character file.

Game seed: 8722634110216034349

216 funkygono the Covered (level 5, -1/33 HPs)
             Began as a Gargoyle Fighter on Nov 26, 2021.
             Slain by Ijyb (6 damage)
             ... on level 3 of the Dungeon.
             The game lasted 00:03:41 (3197 turns).

funkygono the Covered (Gargoyle Fighter)            Turns: 3197, Time: 00:03:42

Health: -1/33      AC:  8    Str: 20    XL:     5   Next: 93%
Magic:  5/5        EV:  9    Int:  9    God:
Gold:   97         SH:  4    Dex:  9    Spells: 4/4 levels left

rFire   . . .      SeeInvis .   a - +0 flail (flame)
rCold   . . .      Faith    .   c - +0 buckler
rNeg    + . .      Spirit   .   b - +0 scale mail
rPois   ∞          Reflect  .   (no helmet)
rElec   +          Harm     .   (no cloak)
rCorr   .          Rampage  .   f - +0 pair of gloves
Will    .....                   (no boots)
Stlth   ..........              (no amulet)
HPRegen 0.11/turn               (no ring)
MPRegen 0.09/turn               (no ring)

@: corroded
A: sickness immunity, AC +4, negative energy resistance 1, electricity
resistance, torment resistance 1, petrification resistance
a: no special abilities


You were on level 3 of the Dungeon.
You visited 1 branch of the dungeon, and saw 3 of its levels.

You collected 97 gold pieces.

Inventory:

Hand Weapons
 a - a +0 flail of flaming (weapon)
 k - a +0 whip
Missiles
 e - 55 stones (quivered)
 p - 22 poisoned darts
Armour
 b - a +0 scale mail (worn)
 c - a +0 buckler (worn)
 f - a +0 pair of gloves (worn)
 r - a +0 chain mail
Wands
 i - a wand of digging (8)
 l - a wand of polymorph (7)
Scrolls
 h - 4 scrolls of immolation
 m - a scroll of enchant weapon {unknown}
 q - a scroll of amnesia {unknown}
Potions
 d - a potion of might
 g - 2 potions of heal wounds
 j - a potion of flight {unknown}
 n - a potion of haste {unknown}
 o - 2 potions of brilliance {unknown}


   Skills:
 + Level 4.2 Fighting
 + Level 4.0 Maces & Flails
 + Level 4.4 Armour
 + Level 0.3 Dodging
 + Level 0.2 Stealth
 + Level 4.0 Shields


You had 4 spell levels left.
You didn't know any spells.
Your spell library was empty.

Dungeon Overview and Level Annotations

Branches:
Dungeon (3/15)

Altars:
Nemelex Xobeh

Annotations:
D:3 Ijyb


Innate Abilities, Weirdness & Mutations

You are immune to sickness and miasma.
Your stone body is resilient. (AC +4)
You are immune to poison.
You resist negative energy. (rN+)
You are resistant to electric shocks. (rElec)
You are resistant to unholy torment.
You are immune to petrification.


Message History

The ball python constricts you.
The ball python bites you but does no damage.
The ball python constricts you.
You closely miss the ball python.
The ball python bites you but does no damage.
The ball python constricts you.
You sock the ball python! You burn the ball python.
You kill the ball python!
There is an open door here.
There is an open door here.
You see here a ball python corpse.
There is an open door here.
You open the door.
Ijyb the Twisted Goblin comes into view.
She is wielding a +4 dagger of venom and carrying a wand of acid (10).
Ijyb shouts!
Found a sedimented ruby potion.
There is an open door here.
You barely miss Ijyb.
Ijyb zaps a wand.
The bolt of acid hits you! The acid corrodes you!
You hit Ijyb but do no damage.
Ijyb hits you with a +4 dagger of venom.
Ijyb closely misses you.
You closely miss Ijyb.
Ijyb hits you with a +4 dagger of venom.
You sock Ijyb! You burn Ijyb.
Ijyb is severely wounded.
Ijyb hits you with a +4 dagger of venom.
* * * LOW HITPOINT WARNING * * *
You hit Ijyb but do no damage.
Ijyb is severely wounded.
You block Ijyb's attack.
You hit Ijyb but do no damage.
Ijyb is severely wounded.
Ijyb hits you with a +4 dagger of venom.
* * * LOW HITPOINT WARNING * * *
You closely miss Ijyb.
Ijyb is severely wounded.
Ijyb hits you but does no damage.
Ijyb hits you with a +4 dagger of venom.
You die...

#.# ###.##### #.# #.#
#.# ###.. #.# #+###+#
#### ...## #.# +..!..+
#.# ....# #.# #.....#
#.# .....
#.####.....####.# .....
#.#..#.....#..#.# .....
#.#..#..g..#..#.# .....
#.#'####@####'#<# .....
#...............# .....
#..............># .....
##..............# .....
##'####'####'#.## .....
#..#.....#..#..# .....
#..#..†..#..#..# #####
####.....####..# #####
#..#.....#..#..##......


You could see Ijyb.

Vanquished Creatures
  An ogre (D:3)
  8 adders
  A worm (D:2)
  A dart slug (D:2)
  An orc (D:3)
  10 ball pythons
  3 bats
  5 endoplasms
  4 giant cockroaches
  3 goblins
  5 hobgoblins
  4 jackals (D:2)
  5 kobolds
  A quokka (D:3)
  2 frilled lizards (D:2)
  7 rats
61 creatures vanquished.

Notes
Turn   | Place    | Note
-------+----------+-------------------------------------------
     0 | D:1      | funkygono the Gargoyle Fighter began the quest for the Orb.
     0 | D:1      | Reached XP level 1. HP: 14/14 MP: 1/1
   368 | D:1      | Reached XP level 2. HP: 14/19 MP: 2/2
   840 | D:1      | Found a faded altar of an unknown god.
  1085 | D:2      | Reached XP level 3. HP: 23/23 MP: 3/3
  1964 | D:2      | Found a sparkling altar of Nemelex Xobeh.
  2131 | D:2      | Reached XP level 4. HP: 28/28 MP: 4/4
  2839 | D:3      | Reached XP level 5. HP: 33/33 MP: 5/5
  2845 | D:3      | Noticed an ogre
  2870 | D:3      | Killed an ogre
  3189 | D:3      | Noticed Ijyb
  3197 | D:3      | Slain by Ijyb

Illustrated notes

Levels and vault maps discovered:
D:1:      ebering_trefoil_twist, layout_loops_corners,
          shapermc_ecumenical_altar_mp_ritualfount
D:2:      layout_loops_corners, basic_altar
D:3:      layout_rooms, minmay_door_square, minmay_snake_closets, uniq_ijyb

Skill      XL: |  1  2  3  4  5 |
---------------+----------------+-----
Maces & Flails | 3 4 |  4.0
Armour         | 4 |  4.4
Fighting       | 4 |  4.2
Shields        | 4 |  4.0
Dodging        | |  0.3
Stealth        | |  0.2

Action                   |  1- 3 |  4- 6 || total
-------------------------+-------+-------++-------
Melee: Flail             |   114 |   121 ||   235
  Use: Scroll            |     2 |     1 ||     3
Armor: Scale mail        |    67 |    52 ||   119
Dodge: Dodged            |    51 |    50 ||   101
Block: Buckler           |    30 |    24 ||    54

Table legend: (Time is in decaauts)
 A = Elapsed time spent in this place.
 B = Non-inter-level travel time spent in this place.
 C = Inter-level travel time spent in this place.
 D = Time resting spent in this place.
 E = Time spent auto-exploring this place.
 F = Levels seen in this place.
 G = Mean time per level.
                   A        B        C        D        E       F      G
               +--------+--------+--------+--------+--------+-----+--------+
         Total |   3258 |   3224 |     34 |      0 |   2609 |   3 | 1086.0 |
       Dungeon |   3258 |   3224 |     34 |      0 |   2609 |   3 | 1086.0 |
               +--------+--------+--------+--------+--------+-----+--------+

Top non-repeatable levels by time:
     D:2: 1507 daAuts
     D:1: 1088 daAuts
     D:3: 662 daAuts
